 Dungeon Crawl Stone Soup version 0.26-a0-259-g1effd001a9 (webtiles) character file.

Game seed: 14183489753882955511

183 Lugonue the Poker (level 5, -9/49 HPs)
             Began as a Naga Warper on July 20, 2020.
             Was an Initiate of Sif Muna.
             Killed by divine providence
             ... invoked by an orc priest
              (15 damage)
             ... on level 3 of the Dungeon.
             The game lasted 00:05:47 (2419 turns).

Lugonue the Poker (Naga Warper)                     Turns: 2419, Time: 00:05:48

Health: -9/49      AC:  5    Str: 15    XL:     5   Next: 62%
Magic:  8/8        EV:  9    Int: 13    God:    Sif Muna [......]
Gold:   160        SH:  0    Dex: 10    Spells: 6/8 levels left

rFire    . . .     SeeInvis +   a - +0 spear
rCold    . . .     Faith    .   (no shield)
rNeg     . . .     Spirit   .   j - +0 ring mail
rPois    +         Reflect  .   (helmet restricted)
rElec    .         Harm     .   c - +0 cloak
rCorr    .         Clarity  +   (no gloves)
MR       .....                  (no barding)
Stlth    +.........             (no amulet)
HPRegen  0.16/turn              (no ring)
MPRegen  0.11/turn              (no ring)

@: brilliant, short of breath, very slightly contaminated, very slow
A: large, horns 1, see invisible, clarity, deformed body, mutation resistance 1,
poison resistance, slowness 2, slow metabolism 1, spit poison 1, AC +1
a: Spit Poison, Renounce Religion


You were on level 3 of the Dungeon.
You worshipped Sif Muna.
Sif Muna was noncommittal.
You were not hungry.

You visited 1 branch of the dungeon, and saw 3 of its levels.

You collected 160 gold pieces.

Inventory:

Hand Weapons
 a - a +0 spear (weapon)
Missiles
 e - 4 boomerangs of dispersal
 h - 8 poisoned darts (quivered)
Armour
 c - a +0 cloak (worn)
 j - a +0 ring mail (worn)
Scrolls
 g - a scroll of teleportation {unknown}
 i - a scroll of remove curse {unknown}
 m - a scroll of identify
 n - a scroll of fog
Potions
 l - a potion of brilliance
Comestibles
 f - 15 rations


   Skills:
 + Level 3.1 Fighting
 + Level 3.5 Polearms
 + Level 0.8 Throwing
 + Level 1.9 Armour
 + Level 2.2 Dodging
 + Level 0.3 Stealth
 + Level 2.4 Spellcasting
 + Level 3.0 Translocations


You had 6 spell levels left.
You knew the following spells:

 Your Spells              Type           Power        Failure   Level
a - Blink                 Tloc           N/A          21%         2

Your spell library contained the following spells:

 Spells                   Type           Power        Failure   Level
 Shroud of Golubria       Chrm/Tloc      #.....       36%         2
 Gell's Gravitas          Tloc           ##........   38%         3
 Lesser Beckoning         Tloc           ##........   38%         3
 Teleport Other           Tloc           ##......     38%         3
 Passage of Golubria      Tloc           N/A          80%         4


Dungeon Overview and Level Annotations

Branches:
Dungeon (3/15)

Altars:
Makhleb
Nemelex Xobeh
Qazlal
Sif Muna


Innate Abilities, Weirdness & Mutations

You cannot wear boots.
Your serpentine skin is tough. (AC +1)
You have supernaturally acute eyesight. (SInv)
Armour fits poorly on your strangely shaped body.
Your system is resistant to poisons. (rPois)
You cover ground very slowly.
You have a slow metabolism.
You can spit poison.
You have a pair of small horns on your head.
You possess an exceptional clarity of mind.
You are somewhat resistant to further mutation.


Message History

As you read the scroll labeled ZUNIVIZX QEP ZAV, it crumbles to dust.
It is a scroll of identify.
n - a scroll of fog
Press: ? - help, Shift-Dir - straight line, f - orc priest
Aim: an orc priest, wielding a +0 war axe (heavily wounded)
The splash of poison misses the orc priest.
Unknown command.
Okay, then.
Unknown command.
You hit the orc priest.
The orc priest is severely wounded.
The orc priest looks satisfied for a moment.
You hit the orc priest.
The orc priest is almost dead.
You hit the orc priest but do no damage.
You headbutt the orc priest.
The orc priest is almost dead.
The orc priest invokes the aid of Beogh against you.
Beogh smites you!
You die...

#########
#.......#
#.%.....#
#.@o....#
####..###
#...#
##..# ##
#..#
#.....#
#.#.... .
#..#o#.#
..
##.#.#..


You could see an orc priest.

Vanquished Creatures
  An orc priest (D:3)
  An orc wizard (D:3)
  5 adders
  An ooze (D:1)
  4 worms
  2 dart slugs (D:1)
  3 orcs (D:3)
  6 bats
  2 giant cockroaches (D:1)
  7 goblins
  7 hobgoblins
  7 jackals
  3 kobolds
  2 quokkas (D:2)
  A ball python (D:1)
  2 frilled lizards
  6 rats
60 creatures vanquished.

Vanquished Creatures (others)
  4 toadstools (D:1)
4 creatures vanquished.

Grand Total: 64 creatures vanquished

Notes
Turn   | Place    | Note
-------+----------+-------------------------------------------
     0 | D:1      | Lugonue the Naga Warper began the quest for the Orb.
     0 | D:1      | Reached XP level 1. HP: 19/19 MP: 3/3
    30 | D:1      | Reached skill level 1 in Armour
    51 | D:1      | Reached XP level 2. HP: 17/26 MP: 5/5
   429 | D:1      | Learned a level 2 spell: Blink
   497 | D:1      | Reached XP level 3. HP: 25/32 MP: 6/6
  1049 | D:2      | Reached XP level 4. HP: 27/40 MP: 7/7
  1388 | D:2      | Found a sparkling altar of Nemelex Xobeh.
  1926 | D:2      | Found a stormy altar of Qazlal.
  1928 | D:2      | Found a burning altar of Makhleb.
  2139 | D:3      | Reached XP level 5. HP: 41/48 MP: 8/8
  2312 | D:3      | Found a shimmering blue altar of Sif Muna.
  2328 | D:3      | Became a worshipper of Sif Muna the Loreminder
  2396 | D:3      | Gained mutation: You possess an exceptional clarity of
                  | mind. [potion of mutation]
  2396 | D:3      | Gained mutation: You are somewhat resistant to further
                  | mutation. [potion of mutation]
  2396 | D:3      | Gained mutation: You have a pair of small horns on your
                  | head. [potion of mutation]
  2419 | D:3      | Killed from afar by an orc priest

Illustrated notes

Levels and vault maps discovered:
D:1:      ldierk_water_garden, layout_loops_ring
D:2:      layout_rooms, minitemple, nemelex_altar_shiori
D:3:      layout_rooms, first_ration, led_sif_book

Skill      XL: |  1  2  3  4  5 |
---------------+----------------+-----
Armour         | 1 |  1.9
Dodging        | 2 |  2.2
Polearms       | 3 |  3.5
Fighting       | 3 |  3.1
Throwing       | |  0.8
Stealth        | |  0.3
Spellcasting   | |  2.4
Translocations | |  3.0

Action                   |  1- 3 |  4- 6 || total
-------------------------+-------+-------++-------
Melee: Spear             |   101 |   204 ||   305
       Headbutt          |       |     1 ||     1
Throw: Boomerang         |     1 |       ||     1
       Dart              |       |     1 ||     1
 Abil: Spit Poison       |       |     9 ||     9
  Use: Potion            |       |     5 ||     5
       Scroll            |       |     2 ||     2
  Eat: Ration            |       |     1 ||     1
Armor: Leather armour    |    18 |       ||    18
       Ring mail         |     9 |    57 ||    66
Dodge: Dodged            |    33 |    85 ||   118

Table legend:
 A = Non-vault XP
 B = Vault XP
 C = Vault XP percentage of total XP
 D = Non-vault monster count
 E = Vault monster count
 F = Vault count percentage of total count
                 A         B        C        D         E       F
            +---------+---------+-------+---------+---------+-------
      Total |     262 |       0 |   0.0 |      60 |       0 |   0.0
            +---------+---------+-------+---------+---------+-------
        D:1 |      50 |       0 |   0.0 |      24 |       0 |   0.0
        D:2 |      98 |       0 |   0.0 |      28 |       0 |   0.0
        D:3 |     114 |       0 |   0.0 |       8 |       0 |   0.0
            +---------+---------+-------+---------+---------+-------
